Map: [ESL] Goldenaura

Players

Stats

  • Race: Protoss Protoss
  • Spawn Location: 5:00

Oliveira - Winner!

  • Race: Terran Terran
  • Spawn Location: 12:00

Event: IEM Katowice 2024

VOD

Have the link to the VOD?

Description

Time

  • Played on: Feb. 8, 2024, 7:06 a.m.
  • Length: 7:36

All games in this series

Show
View Real Time Build Order
Export as new Build Order

Stats Protoss 

Build Orders: 1 Gate Expand, Blink Stalkers 

Get SALT Encoding   

  12  0:00  Probe  
  13  0:12  Probe  
  14  0:17  Pylon  
  14  0:24  Probe (Chrono Boost)  
  15  0:36  Gateway, Probe (Chrono Boost)  
  16  0:44  Probe (Chrono Boost)  
  16  0:46  Assimilator  
  17  0:51  Probe  
  18  1:03  Probe  
  19  1:20  Nexus  
  19  1:30  Cybernetics Core  
  19  1:33  Probe  
  19  1:39  Assimilator  
  20  1:45  Probe  
  21  1:47  Pylon  
  21  1:57  Probe (Chrono Boost)  
  22  2:03  Stalker (Chrono Boost)  
  22  2:08  Probe (Chrono Boost)  
  25  2:13  Probe (Chrono Boost), Warp Gate  
  26  2:17  Shield Battery  
  26  2:25  Stalker, Probe (Chrono Boost)  
  29  2:32  Probe (Chrono Boost)  
  31  2:41  Probe x2 (Chrono Boost)  
  32  2:46  Twilight Council  
  32  2:47  Probe x2  
  34  2:57  Stalker  
  36  3:00  Probe x2  
  38  3:06  Gateway  
  38  3:13  Gateway  
  38  3:15  Probe  
  38  3:18  Blink (Chrono Boost), Probe  
  40  3:28  Probe  
  40  3:30  Probe  
  42  3:35  Robotics Facility  
  42  3:38  Pylon  
  42  3:41  Probe  
  42  3:42  Probe  
  42  3:48  Pylon  
  40  4:04  Stalker x2  
  42  4:10  Probe x2  
  44  4:29  Probe  
  44  4:30  Probe  
  38  4:46  Observer (Chrono Boost)  
  38  4:51  Assimilator, Probe x2  
  40  4:55  Assimilator  
  38  5:03  Probe x2  
  39  5:15  Probe x2  
  41  5:27  Probe (Chrono Boost)  
  43  5:29  Probe (Chrono Boost)  
  43  5:39  Warp Prism, Probe (Chrono Boost)  
  47  5:45  Probe (Chrono Boost)  
  47  5:47  Probe (Chrono Boost)  
  48  5:50  Templar Archives  
  48  5:51  Probe  
  48  5:54  Probe  
  50  6:04  Probe  
  51  6:06  Probe  
  52  6:12  Pylon  
  52  6:15  Gateway x2  
  52  6:16  Probe  
  52  6:18  Probe  
  53  6:20  Stalker  
  55  6:27  Stalker x2  
  55  6:28  Probe  
  55  6:30  Probe  
  61  6:34  Pylon  
  61  6:36  Pylon  
  57  6:50  Stalker  
  57  6:51  Stalker  
  61  6:56  Gateway  
Show
View Real Time Build Order
Export as new Build Order

Oliveira Terran - Winner!

Build Orders: 1/1/1, Widow Mine Drop 

Get SALT Encoding   

  12  0:00  SCV  
  13  0:12  SCV  
  14  0:17  Supply Depot  
  14  0:25  SCV  
  14  0:28  Refinery  
  15  0:41  Barracks  
  15  0:45  SCV  
  16  0:51  Refinery  
  16  0:58  SCV  
  17  1:10  SCV  
  18  1:29  Orbital Command, Marine  
  19  1:35  Factory  
  19  1:46  Supply Depot  
  19  1:47  Barracks Reactor  
  19  1:55  SCV  
  20  2:07  SCV  
  21  2:19  SCV, Starport  
  22  2:26  Widow Mine x2  
  22  2:29  Supply Depot  
  26  2:31  SCV  
  28  2:48  Widow Mine  
  28  2:50  Widow Mine  
  31  2:52  SCV  
  31  2:55  Medivac  
  31  2:57  Armory  
  34  3:02  Supply Depot  
  34  3:09  Widow Mine  
  34  3:11  Widow Mine  
  38  3:31  Widow Mine  
  38  3:33  Widow Mine  
  42  3:35  Medivac  
  44  4:01  Command Center  
  44  4:03  SCV  
  44  4:08  Marine  
  44  4:09  Factory Tech Lab, Marine  
  45  4:15  SCV  
  46  4:20  Supply Depot  
  46  4:21  Starport Tech Lab  
  46  4:28  Barracks  
  46  4:31  Marine  
  47  4:36  Marine  
  46  4:42  Siege Tank  
  49  4:47  Raven  
  49  4:48  SCV  
  49  4:49  Barracks  
  49  4:51  Marine  
  53  5:00  Marine  
  53  5:04  SCV  
  51  5:09  Marine  
  48  5:14  Orbital Command  
  48  5:16  Siege Tank  
  48  5:18  Marine  
  50  5:24  SCV  
  50  5:27  Marine  
  50  5:29  Combat Shield, Marine  
  50  5:31  Orbital Command  
  49  5:36  Marine  
  49  5:37  Marine  
  49  5:41  SCV  
  52  5:44  Marine  
  52  5:47  Marine  
  54  5:52  Siege Tank  
  54  5:53  Marine, SCV  
  54  5:56  SCV  
  60  5:59  Marine  
  61  6:05  SCV  
  61  6:07  Marine, Supply Depot  
  61  6:08  SCV  
  61  6:10  Marine  
  65  6:14  Engineering Bay  
  65  6:16  Marine  
  65  6:18  Marine, SCV  
  67  6:22  Starport Reactor  
  67  6:24  SCV  
  67  6:30  Marine, SCV  
  67  6:31  Marine  
  69  6:34  Siege Tank, Marine  
  69  6:36  SCV  
  74  6:42  SCV  
  72  6:47  Marine  
  72  6:49  SCV  
  72  6:53  Supply Depot, Refinery  
  74  6:56  Supply Depot, Marine  
  74  7:00  Marine  
  76  7:06  Marine  

Tags
 
Add a new tag
Caveats
  • Supply blocks, unpowered buildings, or Contaminate may cause inaccurate times.
  • Supply counts are checked every 10 seconds.